 Dungeon Crawl Stone Soup version 0.25.1-2-g60ff931df9 (webtiles) character file.

Game seed: 14025225341928356735

126 hawla the Chopper (level 4, 0/41 HPs)
             Began as a Minotaur Berserker on Oct 18, 2020.
             Was a Believer of Trog.
             Slain by an orc wizard
             ... wielding a +0 dagger
              (1 damage)
             ... on level 2 of the Dungeon.
             The game lasted 00:03:32 (2351 turns).

hawla the Chopper (Minotaur Berserker)              Turns: 2351, Time: 00:03:32

Health: 0/41       AC:  3    Str: 23    XL:     4   Next: 83%
Magic:  12/12      EV: 13    Int:  4    God:    Trog [**....]
Gold:   86         SH:  0    Dex:  9    Spells: 3/3 levels left

rFire    . . .     SeeInvis .   a - +0 hand axe
rCold    . . .     Gourm    .   (no shield)
rNeg     . . .     Faith    .   n - +0 leather armour
rPois    .         Spirit   .   (helmet restricted)
rElec    .         Reflect  .   (no cloak)
rCorr    .         Harm     .   (no gloves)
MR       .....                  (no boots)
Stlth    +.........             (no amulet)
HPRegen  0.13/turn              h - ring of magical power
MPRegen  0.13/turn              (no ring)

@: slowed, very slow
A: retaliatory headbutt, horns 2
a: Berserk, Trog's Hand, Renounce Religion


You were on level 2 of the Dungeon.
You worshipped Trog.
Trog was pleased with you.
You were hungry.

You visited 1 branch of the dungeon, and saw 3 of its levels.

You collected 86 gold pieces.

Inventory:

Hand Weapons
 a - a +0 hand axe (weapon)
Armour
 g - a +1 scale mail of magic resistance
 j - a +0 ring mail
 n - a +0 leather armour (worn)
Jewellery
 h - a ring of magical power (left hand)
Potions
 d - 3 potions of flight {unknown}
 e - 3 potions of curing {unknown}
 f - a potion of lignification
 i - a potion of ambrosia
 l - a potion of mutation {unknown}
 m - a potion of brilliance {unknown}
Comestibles
 c - 6 rations
 k - 3 chunks of flesh


   Skills:
 + Level 4.5 Fighting
 + Level 4.9 Axes
 + Level 3.0 Armour
 * Level 3.6 Dodging


You had 3 spell levels left.
You didn't know any spells.
Your spell library was empty.

Dungeon Overview and Level Annotations

Branches:
Dungeon (3/15)

Altars:
Elyvilon
Kikubaaqudgha
Uskayaw


Innate Abilities, Weirdness & Mutations

You reflexively headbutt those who attack you in melee.
You have a pair of horns on your head.


Message History

You are too injured to fight recklessly!
You are too injured to fight recklessly!
You barely miss the orc wizard.
The orc wizard gestures at you while chanting.
The magic dart hits you!
* * * LOW HITPOINT WARNING * * *
The orc wizard hits you with a +0 dagger.
* * * LOW HITPOINT WARNING * * *
You hit the orc wizard.
The orc wizard is moderately wounded.
You are feeling hungry.
The orc wizard hits you but does no damage. x2
The orc wizard hits you with a +0 dagger.
* * * LOW HITPOINT WARNING * * *
You hit the orc wizard.
The orc wizard is moderately wounded.
The orc wizard hits you with a +0 dagger.
* * * LOW HITPOINT WARNING * * *
The orc wizard hits you with a +0 dagger.
You die...

####.....#..##♣♣♣.
#.................
#.####..........##
#.####..##......#
#.#.....###.#...##
#.#.....# #.#...##
#.#.....# #.#...#.
#÷##.##.# #.....#.
#@##.##.# #...#.##
#o##.##.# #...#.##
#.##.##.# #...#.##
#....##.# #...#.#
####.##.# #...#.#
#.##.###...#.##
#.##...........
#..............
#.#####........


You could see an orc wizard (fast).

Vanquished Creatures
  An orc priest (D:3)
  2 adders (D:2)
  An ooze (D:2)
  2 leopard geckos
  6 orcs (D:2)
  2 ball pythons (D:1)
  6 bats
  2 bat zombies (D:2)
  5 giant cockroaches
  8 goblins
  5 hobgoblins
  4 jackals (D:2)
  3 frilled lizards
  8 kobolds
  2 rats (D:1)
57 creatures vanquished.

Vanquished Creatures (others)
  An adder (D:2)
1 creature vanquished.

Grand Total: 58 creatures vanquished

Notes
Turn   | Place    | Note
-------+----------+-------------------------------------------
     0 | D:1      | hawla the Minotaur Berserker began the quest for the Orb.
     0 | D:1      | Reached XP level 1. HP: 19/19 MP: 0/0
   299 | D:1      | Reached XP level 2. HP: 24/27 MP: 1/1
  1062 | D:2      | Reached XP level 3. HP: 33/33 MP: 2/2
  1192 | D:2      | Reached ** piety under Trog
  1204 | D:2      | Found a hide-covered altar of Uskayaw.
  1334 | D:2      | Found an ancient bone altar of Kikubaaqudgha.
  1508 | D:2      | Found a white marble altar of Elyvilon.
  1592 | D:2      | Reached XP level 4. HP: 41/41 MP: 3/3
  2351 | D:2      | HP: 1/41 [orc wizard/+0 dagger (2)]
  2351 | D:2      | Slain by an orc wizard

Illustrated notes

Levels and vault maps discovered:
D:1:      mushboom_english_gardens, layout_basic, st_stairs_3
D:2:      layout_loops_ring, overflow_temple_1_default, elyvilon_altar_4,
          lemuel_zombie_altar_kikubaaqudgha, serial_forest,
          infiniplex_forest_lined_3, infiniplex_forest_lined_room_3,
          infiniplex_forest_clump_curved, infiniplex_forest_pool
D:3:      layout_basic

Skill      XL: |  1  2  3  4 |
---------------+-------------+-----
Fighting       | 4 |  4.5
Axes           | 4 |  4.9
Dodging        | 3 |  3.6
Armour         | 3 |  3.0

Action                   |  1- 3 |  4- 6 || total
-------------------------+-------+-------++-------
Melee: Hand axe          |    69 |    36 ||   105
       Headbutt          |    17 |     2 ||    19
  Use: Scroll            |     3 |     1 ||     4
  Eat: Chunk             |     2 |     2 ||     4
Armor: Animal skin       |    17 |     3 ||    20
       Leather armour    |       |     6 ||     6
Dodge: Dodged            |    44 |    30 ||    74
